 Dungeon Crawl Stone Soup version 0.28.0-53-g5a82cb258f (webtiles) character file.

Game seed: 17598724327692146440

189 safid the Chopper (level 5, -1/46 HPs)
             Began as a Hill Orc Fighter on June 25, 2022.
             Succumbed to a water moccasin's poison
             ... on level 4 of the Dungeon.
             The game lasted 00:04:49 (3231 turns).

safid the Chopper (Hill Orc Fighter)                Turns: 3231, Time: 00:04:50

Health: -1/46      AC:  8    Str: 21    XL:     5   Next: 68%
Magic:  5/5        EV:  9    Int:  8    God:
Gold:   197        SH:  4    Dex: 10    Spells: 4/4 levels left

rFire   . . .      SeeInvis .   a - +0 war axe
rCold   . . .      Faith    .   c - +0 buckler
rNeg    . . .      Spirit   .   b - +0 scale mail
rPois   .          Reflect  .   q - +0 helmet
rElec   .          Harm     .   (no cloak)
rCorr   .          Rampage  .   (no gloves)
Will    .....                   (no boots)
Stlth   ..........              (no amulet)
HPRegen 0.15/turn               (no ring)
MPRegen 0.09/turn               (no ring)

@: lethally poisoned (-1 -> -15), attractive
A: no striking features
a: no special abilities


You were on level 4 of the Dungeon.
You visited 1 branch of the dungeon, and saw 4 of its levels.

You collected 197 gold pieces.

Inventory:

Hand Weapons
 a - a +0 war axe (weapon)
Missiles
 n - 2 boomerangs (quivered)
Armour
 b - a +0 scale mail (worn)
 c - a +0 buckler (worn)
 q - a +0 helmet (worn)
Scrolls
 f - 2 scrolls of blinking {unknown}
 h - 2 scrolls of amnesia {unknown}
 j - a scroll of fog {unknown}
 k - 2 scrolls of silence {unknown}
 l - 3 scrolls of identify {unknown}
 o - a scroll of immolation {unknown}
 p - a scroll of enchant armour {unknown}
Potions
 d - 2 potions of might
 e - a potion of heal wounds {unknown}
 i - a potion of flight {unknown}
 m - a potion of ambrosia
 r - a potion of mutation {unknown}


   Skills:
 - Level 4.0 Fighting
 + Level 6.3 Axes
 - Level 4.0 Armour
 - Level 4.0 Shields


You had 4 spell levels left.
You didn't know any spells.
Your spell library contained the following spells:

 Spells                   Type           Power      Damage    Failure   Level
 Pain                     Necr           0%         1d4       83%         1
 Static Discharge         Conj/Air       0%         N/A       92%         2
 Conjure Flame            Conj/Fire      0%         6-21      99%         3
 Ignite Poison            Fire/Tmut/Pois 0%         N/A       99%         3
 Dispel Undead            Necr           0%         3d6       100%        4
 Sticky Flame             Conj/Fire      0%         2d3       100%        4
 Agony                    Necr           0%         N/A       100%        5
 Excruciating Wounds      Necr           0%         N/A       100%        5
 Borgnjor's Revivificati  Necr           0%         N/A       100%        8
 Necromutation            Tmut/Necr      0%         N/A       100%        8
 Death's Door             Necr           0%         N/A       100%        9


Dungeon Overview and Level Annotations

Branches:
Dungeon (4/15)
 Temple: D:4-7

Altars:

Shops:
D:2 (   D:3 =


Message History

You feel sick.
You are no longer poisoned.
The water moccasin closely misses you.
It was a potion of ambrosia.
You are confused.
You feel invigorated. The water moccasin bites you.
* * * LOW HITPOINT WARNING * * *
The water moccasin bites you but does no damage.
You miss the water moccasin.
The water moccasin is heavily wounded.
The water moccasin bites you.
You are poisoned.
The water moccasin poisons you! The water moccasin closely misses you.
A goblin comes into view. It is wielding a +0 dagger.
You feel very sick. The water moccasin misses you.
You feel less invigorated.
You feel less confused.
You feel sick.
You closely miss the water moccasin.
The water moccasin is heavily wounded.
You feel sick.
The water moccasin bites you but does no damage.
The water moccasin closely misses you.
You miss the water moccasin.
The water moccasin is heavily wounded.
You feel sick. You block the water moccasin's attack.
The water moccasin bites you.
* * * LOW HITPOINT WARNING * * *
You miss the water moccasin.
The water moccasin is heavily wounded.
You feel sick. The water moccasin bites you.
* * * LOW HITPOINT WARNING * * *
You are lethally poisoned!
The water moccasin poisons you! You block the water moccasin's attack.
The goblin hits you with a +0 dagger.
* * * LOW HITPOINT WARNING * * *
It was a potion of attraction.
You feel attractive to monsters.
You die...

.........#
.........#
.........+
#........#
#........# .
#........# ...
#.....:g.###....
+......@S.......
#.........#####
#.........##
#########..#
##.# #.## #..#
##.# #.##


You could see a water moccasin and a goblin.

Vanquished Creatures
  Jessica (D:2)
  An iguana (D:4)
  2 orc wizards (D:3)
  2 adders
  An ufetubus (D:4)
  A worm (D:2)
  2 dart slugs
  2 orcs (D:3)
  4 bats
  4 endoplasms
  3 giant cockroaches
  5 goblins
  4 hobgoblins
  4 jackals (D:1)
  A quokka (D:2)
  12 ball pythons
  3 frilled lizards
  2 kobolds
  4 rats
58 creatures vanquished.

Notes
Turn   | Place    | Note
-------+----------+-------------------------------------------
     0 | D:1      | safid the Hill Orc Fighter began the quest for the Orb.
     0 | D:1      | Reached XP level 1. HP: 19/19 MP: 1/1
    92 | D:1      | Reached skill level 3 in Axes
    92 | D:1      | Reached XP level 2. HP: 27/27 MP: 2/2
   644 | D:1      | Found a faded altar of an unknown god.
   802 | D:2      | Noticed Jessica
   805 | D:2      | Killed Jessica
   806 | D:2      | Reached XP level 3. HP: 28/33 MP: 3/3
   905 | D:2      | Found Noppawoh's Antique Weapon Shoppe.
  1290 | D:2      | Reached XP level 4. HP: 39/40 MP: 4/4
  1325 | D:2      | Reached skill level 4 in Axes
  2223 | D:3      | Reached skill level 5 in Axes
  2227 | D:3      | Reached XP level 5. HP: 26/46 MP: 5/5
  2411 | D:3      | Found Ytoerch's Jewellery Shoppe.
  2929 | D:4      | Reached skill level 6 in Axes
  3208 | D:4      | Noticed a water moccasin
  3231 | D:4      | Succumbed to a water moccasin's poison

Illustrated notes

Levels and vault maps discovered:
D:1:      scummos_arrival_hexagon, layout_loops_ring,
          dreamdust_ecumenical_altar_statues, minmay_misc_feat_nine_boxes
D:2:      layout_loops_corners, serial_shops, shop, chequers_arboretum,
          kennysheep_another_room, kennysheep_generic_room_3, uniq_jessica
D:3:      layout_rooms, serial_shops, nicolae_shop_trees
D:4:      layout_basic, mrwooster_statue_mirror

Skill      XL: |  1  2  3  4  5 |
---------------+----------------+-----
Axes           | 3 5 6 |  6.3
Fighting       | 4 |  4.0
Armour         | 4 |  4.0
Shields        | 4 |  4.0

Action                   |  1- 3 |  4- 6 || total
-------------------------+-------+-------++-------
Melee: War axe           |    63 |   116 ||   179
  Use: Potion            |       |     2 ||     2
Armor: Scale mail        |    30 |    65 ||    95
Dodge: Dodged            |    36 |    54 ||    90
Block: Buckler           |    16 |    24 ||    40
